 Dungeon Crawl Stone Soup version 0.16-a0-4123-g49b462e (webtiles) character file.

392 Chiseanne the Magician (level 6, 0/28 HPs)
             Began as a Spriggan Wizard on Mar 2, 2015.
             Slain by a troll (3 damage)
             ... on level 4 of the Dungeon.
             The game lasted 00:13:37 (4784 turns).

Chiseanne the Magician (Spriggan Wizard)            Turns: 4784, Time: 00:13:38

Health: 0/28       AC:  5    Str:  3    XL:     6   Next: 50%
Magic:  20/23      EV: 18    Int: 22    God:
Gold:   214        SH:  0    Dex: 14    Spells: 5 memorised, 8 levels left

rFire  . . .     SeeInvis +     a - +4 quarterstaff (chaos)
rCold  . . .     Clarity  .     m - +0 robe
rNeg   . . .     SustAb   .     (shield restricted)
rPois  .         Gourm    .     b - +1 hat
rElec  .         Spirit   .     k - +1 cloak
rCorr  .         Warding  .     (gloves unavailable)
rMut   .         Stasis   .     (boots unavailable)
MR     +....                    (no amulet)
Stlth  ++........               (no ring)
                                (no ring)

@: repel missiles, very quick, somewhat resistant to hostile enchantments,
unstealthy
A: unfitting armour, see invisible, herbivore 3, speed 3, slow metabolism 2
a: no special abilities


You were on level 4 of the Dungeon.
You were not hungry.

You visited 2 branches of the dungeon, and saw 5 of its levels.

You collected 214 gold pieces.

Inventory:

Hand weapons
 a - a +4 quarterstaff of chaos (weapon)
Missiles
 f - 67 arrows
 p - 32 bolts of flame
 q - 5 javelins of penetration
 r - a throwing net (quivered)
 s - 6 poisoned needles
Armour
 b - a +1 hat (worn)
 h - a +0 buckler
 k - a +1 cloak (worn)
 m - a +0 robe (worn)
Magical devices
 l - a wand of polymorph (9)
 o - a wand of fire (0)
Scrolls
 i - a scroll of enchant armour
 t - a scroll of fear
Potions
 g - 3 potions of haste
 n - a potion of flight {unknown}
Books
 c - a book of Minor Magic

   Spells                             Type                      Level
   a - Magic Dart                     Conjuration                  1
   b - Blink                          Translocation                2
   c - Call Imp                       Summoning                    2
   d - Repel Missiles                 Charms/Air                   2
   e - Slow                           Hexes                        2
   f - Conjure Flame                  Conjuration/Fire             3
   g - Mephitic Cloud                 Conjuration/Poison/Air       3
Comestibles
 d - 4 bread rations


   Skills:
 - Level 3.0 Dodging
 - Level 3.0 Stealth
 * Level 7.3 Spellcasting
 * Level 3.3 Conjurations
   Level 0.7 Summonings
 - Level 1.5 Translocations


You had 8 spell levels left.
You knew the following spells:

 Your Spells              Type           Power        Failure   Level  Hunger
a - Magic Dart            Conj           ###.         1%          1    None
b - Blink                 Tloc           N/A          10%         2    None
c - Repel Missiles        Chrm/Air       #.....       14%         2    None
d - Conjure Flame         Conj/Fire      ###.....     14%         3    None
e - Mephitic Cloud        Conj/Pois/Air  ##......     17%         3    None


Dungeon Overview and Level Annotations

Branches:
Dungeon (4/15)             Temple (1/1) D:4

Altars:
Cheibriados
Dithmenos
Elyvilon
Gozag
Kikubaaqudgha
Qazlal
Ru
Sif Muna
Xom
The Shining One


Innate Abilities, Weirdness & Mutations

You are tiny and cannot use many weapons and most armour.
You have supernaturally acute eyesight.
You are a herbivore.
You cover ground extremely quickly.
You need consume almost no food.


Message History

Aiming: Conjure Flame
Press: ? - help, Dir - move target cursor The fire roars!
You hit the troll.
The troll is lightly wounded.
The troll is engulfed in roaring flames.
The troll barely misses you. The troll completely misses you.
The troll misses you.
The troll is engulfed in roaring flames.
The troll closely misses you. The troll completely misses you.
The troll completely misses you.
You hit the troll.
The troll is moderately wounded.
The troll is engulfed in roaring flames.
The troll barely misses you. The troll claws you!
* * * LOW HITPOINT WARNING * * *
The troll closely misses you.
The troll is engulfed in roaring flames.
The troll closely misses you. The troll barely misses you. The troll claws you.
You die...

# #.##...# #......#.
......... .........
...... .
..##+####...##+#.
.........#...##..##
........@T....#...
+##.?....#....#..######+#
#......#....+..##..#...
+......#....#......#...
#.............###..#...
###.)...8.8.8...#..#...
+......⌠.⌠....#..'...
#.....8.>.8...'..#...
#......⌠.⌠....#..#...


You could see a troll.

Vanquished Creatures
  The ghost of Skiberibeda the Sneak, an average SpEn (D:3)
  Crazy Yiuf (D:2)
  An orc priest (D:3)
  A worker ant (D:4)
  3 gnolls (D:3)
  8 adders
  A worm (D:3)
  5 giant geckos
  7 orcs (D:3)
  A ball python (D:1)
  4 giant cockroaches
  8 hobgoblins
  5 jackals
  11 kobolds
  3 quokkas (D:3)
  13 bats
  3 giant newts
  11 goblins
  9 rats
96 creatures vanquished.

Notes
Turn   | Place    | Note
--------------------------------------------------------------
     0 | D:1      | Chiseanne, the Spriggan Wizard, began the quest for the Orb.
     0 | D:1      | Reached XP level 1. HP: 9/9 MP: 6/6
   322 | D:1      | Reached XP level 2. HP: 13/13 MP: 6/9
   352 | D:1      | Learned a level 2 spell: Blink
   355 | D:1      | Learned a level 2 spell: Repel Missiles
   548 | D:1      | Reached skill level 1 in Conjurations
   777 | D:1      | Reached skill level 5 in Spellcasting
   962 | D:1      | Reached XP level 3. HP: 16/16 MP: 5/14
  1948 | D:2      | Found a shadowy altar of Dithmenos.
  1956 | D:2      | Reached XP level 4. HP: 21/21 MP: 7/17
  2142 | D:2      | Learned a level 3 spell: Conjure Flame
  2146 | D:2      | Learned a level 3 spell: Mephitic Cloud
  2146 | D:2      | Noticed Crazy Yiuf
  2238 | D:2      | Killed Crazy Yiuf
  2473 | D:2      | Reached skill level 6 in Spellcasting
  2866 | D:3      | Reached XP level 5. HP: 24/24 MP: 15/20
  4044 | D:3      | Noticed Skiberibeda's ghost (average SpEn)
  4068 | D:3      | Killed Skiberibeda's ghost
  4068 | D:3      | Reached skill level 7 in Spellcasting
  4068 | D:3      | Reached XP level 6. HP: 28/28 MP: 4/23
  4469 | D:4      | Found a staircase to the Ecumenical Temple.
  4479 | Temple   | Entered the Ecumenical Temple
  4719 | D:4      | Found a shimmering altar of Xom.
  4737 | D:4      | Noticed a troll
  4784 | D:4      | Slain by a troll

Action                   |  1- 3 |  4- 6 || total
-------------------------+-------+-------++-------
Melee: Quarterstaff      |       |     3 ||     3
 Cast: Magic Dart        |   132 |   176 ||   308
       Conjure Flame     |       |     6 ||     6
       Mephitic Cloud    |       |     3 ||     3
       Repel Missiles    |       |     1 ||     1
Evoke: Wand              |       |     2 ||     2
  Use: Scroll            |     4 |     3 ||     7
  Eat: Fruit             |       |     1 ||     1
       Pizza             |       |     1 ||     1
